 Dungeon Crawl Stone Soup version 0.21-a0-529-g8c7b3f5 (webtiles) character file.

119 slep the Chopper (level 4, 0/34 HPs)
             Began as a Demonspawn Gladiator on Dec 10, 2017.
             Killed by divine providence
             ... invoked by an orc priest
              (16 damage)
             ... on level 3 of the Dungeon.
             The game lasted 00:04:37 (1925 turns).

slep the Chopper (Demonspawn Gladiator)             Turns: 1925, Time: 00:04:38

Health: 0/34       AC:  4    Str: 14    XL:     4   Next: 73%
Magic:  4/4        EV: 13    Int:  9    God:
Gold:   98         SH:  4    Dex: 16    Spells: 3/3 levels left

rFire    . . .     SeeInvis .   a - +0 war axe
rCold    . . .     Gourm    .   (no shield)
rNeg     . . .     Faith    .   b - +0 leather armour
rPois    .         Spirit   .   c - +0 helmet
rElec    .         Reflect  .   (no cloak)
rCorr    .         Harm     .   (no gloves)
MR       .....                  (no boots)
Stlth    +.........             (no amulet)
HPRegen  0.11/turn              q - ring of wizardry
MPRegen  0.09/turn              (no ring)

@: no status effects
A: talons 1, large bone plates 1
a: no special abilities


You were on level 3 of the Dungeon.
You were not hungry.

You visited 1 branch of the dungeon, and saw 3 of its levels.

You collected 98 gold pieces.

Inventory:

Hand Weapons
 a - a +0 war axe (weapon)
Missiles
 d - 3 throwing nets (quivered)
Armour
 b - a +0 leather armour (worn)
 c - a +0 helmet (worn)
Jewellery
 q - a ring of wizardry (left hand)
Scrolls
 e - a scroll of fear {unknown}
 g - a scroll of blinking {unknown}
 h - 3 scrolls of remove curse {unknown}
 i - 2 scrolls of identify {unknown}
 l - a scroll of immolation {unknown}
 p - a scroll of amnesia {unknown}
Potions
 j - 2 potions of curing {unknown}
 k - 2 potions of haste {unknown}
 m - a potion of brilliance {unknown}
 o - a potion of degeneration {unknown}
Comestibles
 f - a bread ration
 n - a chunk of flesh


   Skills:
 + Level 2.3 Fighting
 + Level 4.1 Axes
 + Level 1.7 Throwing
 + Level 1.1 Armour
 + Level 3.2 Dodging
 + Level 0.1 Stealth


You had 3 spell levels left.
You didn't know any spells.

Dungeon Overview and Level Annotations

Branches:
Dungeon (3/15)

Altars:
Trog


Innate Abilities, Weirdness & Mutations

You have sharp toenails.
You are partially covered in large bone plates. (SH +4)


Message History

The orc hits you with a dagger.
You hit the orc but do no damage. You claw the orc.
The orc is lightly wounded.
The orc priest shouts!
You hear a shout! x2; You hear an angry hiss.
The orc hits you but does no damage.
An orc and an orc priest come into view.
You closely miss the orc. You claw the orc, but do no damage.
The orc is lightly wounded.
The orc closely misses you.
The orc moves out of view.
The orc priest looks braver for a moment.
The orc misses you.
The orc priest looks braver for a moment.
The orc priest invokes the aid of Beogh against you.
Beogh smites you!
A ball python comes into view.
Your leather armour prevents you from hitting the orc.
Your kick misses the orc. You block the orc's attack.
The orc priest invokes the aid of Beogh against you.
Beogh smites you!
You die...

##.........######
#####(.....#....#####
..................)>#
.............##.###.#
................#...#
............###..S#
............# #...#
............# ##.##
............# #@#
...........# #o#
.......


oo. o...# ...... .....#.. #.....#.. ......##.# You could see 2 orc priests, 2
orcs and a ball python.

Vanquished Creatures
  Jessica (D:2)
  3 adders
  A worm (D:2)
  2 dart slugs
  2 leopard geckos
  An orc (D:3)
  6 bats
  4 giant cockroaches
  6 goblins
  10 hobgoblins
  A quokka (D:3)
  3 ball pythons
  6 frilled lizards
  4 kobolds
  3 rats
53 creatures vanquished.

Notes
Turn   | Place    | Note
-------+----------+-------------------------------------------
     0 | D:1      | slep the Demonspawn Gladiator began the quest for the Orb.
     0 | D:1      | Reached XP level 1. HP: 16/16 MP: 1/1
   216 | D:1      | Gained mutation: You are partially covered in large bone plates. (SH +4) [demonic ancestry]
   216 | D:1      | Reached XP level 2. HP: 22/22 MP: 2/2
   402 | D:1      | Reached skill level 3 in Axes
   961 | D:2      | Gained mutation: You have sharp toenails. [demonic ancestry]
   961 | D:2      | Reached XP level 3. HP: 18/27 MP: 3/3
  1133 | D:2      | Noticed Jessica
  1234 | D:2      | Killed Jessica
  1234 | D:2      | Reached skill level 1 in Armour
  1234 | D:2      | Reached XP level 4. HP: 25/33 MP: 4/4
  1584 | D:2      | Found a bloodstained altar of Trog.
  1739 | D:3      | Reached skill level 4 in Axes
  1925 | D:3      | Killed from afar by an orc priest

Vault maps used:
D:1:      sevenhm_arrival_forest_fort_large_4
D:2:      trog_three_pillars_becter, uniq_jessica
D:3:      portal_sewer_entry_e

Skill      XL: |  1  2  3  4 |
---------------+-------------+-----
Dodging        | 3 |  3.2
Axes           | 3 4 |  4.1
Armour         | 1 |  1.1
Fighting       | |  2.3
Throwing       | |  1.7
Stealth        | |  0.1

Action                   |  1- 3 |  4- 6 || total
-------------------------+-------+-------++-------
Melee: War axe           |    81 |    68 ||   149
       Kick              |     4 |    16 ||    20
 Stab: Sleeping          |     1 |       ||     1
  Eat: Chunk             |     1 |     2 ||     3
Armor: Leather armour    |    25 |    19 ||    44
Dodge: Dodged            |    61 |    56 ||   117
Block: Other             |    11 |     9 ||    20

Table legend:
 A = Spawn XP
 B = Non-spawn XP
 C = Spawn XP percentage of total XP
 D = Spawn monster count
 E = Non-spawn monster count
 F = Spawn count percentage of total count
 G = Total turns spent on level
                    A         B        C        D         E        F      G
               +---------+---------+-------+---------+---------+-------+---------
         Total |       0 |     170 |   0.0 |       0 |      53 |   0.0 |  1925
               +---------+---------+-------+---------+---------+-------+---------
           D:1 |       0 |      35 |   0.0 |       0 |      19 |   0.0 |   886
           D:2 |       0 |      94 |   0.0 |       0 |      18 |   0.0 |   775
           D:3 |       0 |      41 |   0.0 |       0 |      16 |   0.0 |   264
               +---------+---------+-------+---------+---------+-------+---------
